 Dungeon Crawl Stone Soup version 0.23.2-1-ga50397a (webtiles) character file.

Game seed: 13325892958313104114

59 xveg the Vandal (level 4, 0/29 HPs)
             Began as a Halfling Hunter on May 9, 2019.
             Slain by Crazy Yiuf
             ... wielding a +3 quarterstaff of chaos
              (10 damage)
             ... on level 2 of the Dungeon.
             The game lasted 00:00:49 (1587 turns).

xveg the Vandal (Halfling Hunter)                   Turns: 1587, Time: 00:00:50

Health: 0/29       AC:  5    Str: 14    XL:     4   Next: 22%
Magic:  4/4        EV: 14    Int:  9    God:
Gold:   106        SH:  0    Dex: 14    Spells: 3/3 levels left

rFire    . . .     SeeInvis .   a - +1 hunting sling
rCold    . . .     Gourm    .   (shield restricted)
rNeg     . . .     Faith    .   m - +0 ring mail
rPois    .         Spirit   .   (no helmet)
rElec    .         Reflect  .   (no cloak)
rCorr    .         Harm     .   (no gloves)
MR       .....                  (no boots)
Stlth    +.........             (no amulet)
HPRegen  0.09/turn              (no ring)
MPRegen  0.09/turn              (no ring)

@: no status effects
A: small, mutation resistance 1
a: no special abilities


You were on level 2 of the Dungeon.
You were not hungry.

You visited 1 branch of the dungeon, and saw 2 of its levels.

You collected 106 gold pieces.

Inventory:

Hand Weapons
 a - a +1 hunting sling (weapon)
 b - a +0 short sword
Missiles
 d - 7 sling bullets (quivered)
 g - 36 stones
Armour
 c - a +0 leather armour
 m - a +0 ring mail (worn)
Jewellery
 h - a cursed ring of attention {unknown}
Scrolls
 e - a scroll of teleportation {unknown}
 k - 2 scrolls of remove curse {unknown}
Potions
 i - 2 potions of curing {unknown}
 j - a potion of flight {unknown}
 l - a potion of brilliance {unknown}
Comestibles
 f - 5 rations
 n - a chunk of flesh


   Skills:
 + Level 2.0 Fighting
 + Level 7.5 Slings
 + Level 2.7 Dodging
 + Level 1.1 Stealth


You had 3 spell levels left.
You didn't know any spells.
Your spell library was empty.

Dungeon Overview and Level Annotations

Branches:
Dungeon (2/15)

Altars:
Kikubaaqudgha
Uskayaw

Annotations:
D:2 Crazy Yiuf


Innate Abilities, Weirdness & Mutations

You are small and have problems with some larger weapons.
You are somewhat resistant to further mutation.


Message History

Space warps horribly around you!
You are too injured to fight recklessly!
You are too injured to fight recklessly!
You are too injured to fight recklessly!
You are too injured to fight recklessly!
You are too injured to fight recklessly!
You are too injured to fight recklessly!
Firing (i - inventory. (/) - cycle)
d - 9 sling bullets (quivered)
Press: ? - help, Shift-Dir - straight line, f/p - Crazy Yiuf
Aim: Crazy Yiuf, wielding a +3 quarterstaff of chaos and wearing a +0 cloak (severely wounded)
You shoot a sling bullet.
The sling bullet closely misses Crazy Yiuf.
Crazy Yiuf hits you but does no damage.
Firing (i - inventory. (/) - cycle)
d - 8 sling bullets (quivered)
Press: ? - help, Shift-Dir - straight line, f/p - Crazy Yiuf
Aim: Crazy Yiuf, wielding a +3 quarterstaff of chaos and wearing a +0 cloak (severely wounded)
You shoot a sling bullet. The sling bullet hits Crazy Yiuf.
Crazy Yiuf is almost dead.
Crazy Yiuf hits you with a +3 quarterstaff of chaos!
You die...

#.#.###########....#
#.#.......# #....#
#.#######<# #....#
#.#...###.# ##...#
<...#..##.# ##.##
...###.##.# ##.#
.#.....##.## #.##
......###..# ##.#
.##...# #### #@##
.###.## #g# .#
#.####### ... ##
#.......# #...#
#.####### #)(.# #.#
##### ####.# .....#
### ###### #.#


You could see Crazy Yiuf.

Vanquished Creatures
  An adder (D:2)
  3 dart slugs
  2 leopard geckos (D:2)
  4 giant cockroaches
  4 goblins
  4 hobgoblins
  4 jackals (D:1)
  A quokka (D:2)
  5 bats
  2 frilled lizards
  5 kobolds
  4 rats (D:2)
39 creatures vanquished.

Notes
Turn   | Place    | Note
-------+----------+-------------------------------------------
     0 | D:1      | xveg the Halfling Hunter began the quest for the Orb.
     0 | D:1      | Reached XP level 1. HP: 14/14 MP: 1/1
   117 | D:1      | Reached skill level 6 in Slings
   117 | D:1      | Reached XP level 2. HP: 19/19 MP: 2/2
   299 | D:1      | Reached XP level 3. HP: 24/24 MP: 3/3
   845 | D:2      | Reached skill level 7 in Slings
   940 | D:2      | Reached XP level 4. HP: 29/29 MP: 4/4
  1015 | D:2      | Found an ancient bone altar of Kikubaaqudgha.
  1075 | D:2      | Noticed a +0 dagger
  1075 | D:2      | Noticed a +0 dagger
  1077 | D:2      | Found a hide-covered altar of Uskayaw.
  1238 | D:2      | Found a runed translucent door.
  1239 | D:2      | Noticed Crazy Yiuf
  1587 | D:2      | Slain by Crazy Yiuf

Skill      XL: |  1  2  3  4 |
---------------+-------------+-----
Slings         | 6 7 |  7.5
Fighting       | 2 |  2.0
Dodging        | |  2.7
Stealth        | |  1.1

Action                   |  1- 3 |  4- 6 || total
-------------------------+-------+-------++-------
 Fire: Hunting sling     |    89 |    25 ||   114
  Eat: Chunk             |       |     2 ||     2
Armor: Leather armour    |     1 |       ||     1
       Ring mail         |       |     4 ||     4
Dodge: Dodged            |    21 |     6 ||    27
